[Event "11th Arad Open 2018"]
[Site "Arad"]
[Date "2018.08.12"]
[Round "9"]
[White "Costachi, Mihnea"]
[Black "Deepan Chakkravarthy J."]
[Result "1/2-1/2"]
[ECO "E11"]
[WhiteElo "2453"]
[BlackElo "2530"]
[Annotator "ChessBase"]
[PlyCount "60"]
[EventDate "2018.08.05"]
[EventType "swiss"]
[EventCountry "ROU"]
[SourceTitle "playchess.com"]
[Source "ChessBase"]
[SourceQuality "1"]
[TimeControl "40/5400+30:1800+30"]

1. d4 Nf6 2. Nf3 e6 3. c4 Bb4+ 4. Bd2 c5 5. Bxb4 cxb4 6. g3 O-O 7. Bg2 d6 8. a3 bxa3 9. Nxa3 Nc6 10. O-O e5 11. dxe5 dxe5 12. Qxd8 Rxd8 13. Nb5 Bg4 14. h3 Bxf3 15. Bxf3 e4 16. Bg2 Rd2 17. Rfd1 Rxb2 18. Nxa7 h5 19. Nxc6 Rxa1 20. Rxa1 bxc6 21. g4 hxg4 22. hxg4 Rxe2 23. Kf1 Rb2 24. g5 Ng4 25. Ra8+ Kh7 26. Bxe4+ g6 27. f3 Ne3+ 28. Ke1 Nxc4 29. Bxc6 Kg7 30. Ra7 Ne5 1/2-1/2

[Event "11th Arad Open 2018"]
[Site "Arad"]
[Date "2018.08.12"]
[Round "9"]
[White "Womacka, Mathias"]
[Black "Yordanov, Lachezar"]
[Result "1-0"]
[ECO "B19"]
[WhiteElo "2450"]
[BlackElo "2314"]
[Annotator "ChessBase"]
[PlyCount "89"]
[EventDate "2018.08.05"]
[EventType "swiss"]
[EventCountry "ROU"]
[SourceTitle "playchess.com"]
[Source "ChessBase"]
[SourceQuality "1"]
[TimeControl "40/5400+30:1800+30"]

1. e4 c6 2. d4 d5 3. Nd2 dxe4 4. Nxe4 Bf5 5. Ng3 Bg6 6. h4 h6 7. Nf3 Nd7 8. h5 Bh7 9. Bd3 Bxd3 10. Qxd3 e6 11. Bd2 Ngf6 12. O-O-O Be7 13. Kb1 O-O 14. Ne4 Nxe4 15. Qxe4 Nf6 16. Qe2 Qd5 17. Ne5 Qe4 18. Be3 Nd5 19. Rhe1 Nxe3 20. Qxe3 Qxe3 21. Rxe3 Rfd8 22. Red3 Rd6 23. c3 Rad8 24. Kc2 Bf6 25. f4 Kf8 26. b4 Ke7 27. a4 Rg8 28. Rb1 Bxe5 29. fxe5 Rdd8 30. b5 g6 31. bxc6 bxc6 32. Rg3 Rd7 33. Rf1 g5 34. Rgf3 Rg7 35. Rf6 Rh7 36. Rb1 Rh8 37. a5 c5 38. dxc5 Rc8 39. Rbf1 Ke8 40. Rxh6 Rxc5 41. Rh8+ Ke7 42. h6 Rdc7 43. h7 Rxc3+ 44. Kb2 R3c5 45. Rb8 1-0

[Event "11th Arad Open 2018"]
[Site "Arad"]
[Date "2018.08.12"]
[Round "9"]
[White "Zawadzka, Jolanta"]
[Black "Banzea, Alexandru-Bogdan"]
[Result "0-1"]
[ECO "B10"]
[WhiteElo "2435"]
[BlackElo "2313"]
[Annotator "NA"]
[PlyCount "94"]
[EventDate "2018.08.05"]
[EventType "swiss"]
[EventCountry "ROU"]
[SourceTitle "playchess.com"]
[Source "ChessBase"]
[SourceQuality "1"]
[TimeControl "40/5400+30:1800+30"]

1. e4 c6 2. Nc3 d5 3. Nf3 dxe4 4. Nxe4 Nf6 5. Nxf6+ exf6 6. Bc4 Bd6 7. O-O O-O {[%emt 0:00:10] LiveBook: 9 Games} 8. h3 Re8 $11 9. Bb3 Nd7 10. d4 a5 11. c4 Nf8 12. Be3 Qc7 13. Qd2 Ng6 14. Bc2 f5 15. Qd3 Nf4 16. Bxf4 Bxf4 17. Rfe1 Bd7 18. Ne5 g6 19. Rad1 Rad8 20. Qc3 Bc8 21. Ba4 Bh6 22. c5 Be6 23. Bb3 Bg7 24. Bxe6 Rxe6 25. Nf3 Re4 26. b3 Rd5 27. Re3 Qd8 28. Red3 h5 29. Ne5 Qc7 30. Nf3 Bf6 31. Ne1 Qd8 32. Nc2 Kh7 33. f3 Re6 34. Kh1 Bg7 35. Re3 Rxe3 36. Qxe3 Rxc5 37. Qf2 Rd5 38. Re1 Bxd4 39. Nxd4 Rxd4 40. a4 Rd3 41. Qb2 Qd5 42. Qf6 Rd1 43. Qc3 Rxe1+ 44. Qxe1 Qxb3 45. Qxa5 b5 46. axb5 cxb5 47. Kh2 Qc4 0-1

[Event "11th Arad Open 2018"]
[Site "Arad"]
[Date "2018.08.12"]
[Round "9"]
[White "Filip, Lucian-Ioan"]
[Black "Tomici, Stefan"]
[Result "1/2-1/2"]
[ECO "E16"]
[WhiteElo "2426"]
[BlackElo "2306"]
[Annotator "NA"]
[PlyCount "62"]
[EventDate "2018.08.05"]
[EventType "swiss"]
[EventCountry "ROU"]
[SourceTitle "playchess.com"]
[Source "ChessBase"]
[SourceQuality "1"]
[TimeControl "40/5400+30:1800+30"]

1. d4 e6 2. Nf3 Nf6 3. c4 Bb4+ 4. Bd2 Qe7 5. g3 Nc6 6. Nc3 O-O 7. Bg2 d6 $14 {[%emt 0:00:06] LiveBook: 151 Games} 8. O-O a5 9. Rc1 Bxc3 10. Bxc3 e5 11. d5 Nb8 12. c5 Ne4 13. cxd6 cxd6 14. Nd2 Nxc3 15. Rxc3 b5 16. Qb3 Bd7 17. Rcc1 Na6 18. Qe3 f5 19. Nb3 Qd8 20. Qd2 b4 21. f4 Qb6+ 22. Kh1 a4 23. Na1 e4 24. Nc2 Qb5 25. Rfd1 Rac8 26. Bf1 b3 27. axb3 axb3 28. Nd4 Qxd5 29. e3 Qb7 30. Nxb3 Qxb3 31. Bxa6 Rxc1 1/2-1/2

[Event "11th Arad Open 2018"]
[Site "Arad"]
[Date "2018.08.12"]
[Round "9"]
[White "David, Alexandru-Vasile"]
[Black "Nastase, Robert-Paul"]
[Result "1-0"]
[ECO "D38"]
[WhiteElo "2421"]
[BlackElo "2299"]
[Annotator "NA"]
[PlyCount "51"]
[EventDate "2018.08.05"]
[EventType "swiss"]
[EventCountry "ROU"]
[SourceTitle "playchess.com"]
[Source "ChessBase"]
[SourceQuality "1"]
[TimeControl "40/5400+30:1800+30"]

1. c4 e6 2. Nc3 d5 3. d4 Bb4 4. Nf3 Nf6 5. cxd5 exd5 6. Bg5 Qd6 7. Nd2 Bf5 8. e3 Nbd7 9. Be2 c6 10. a3 Bxc3 11. bxc3 O-O 12. g4 Be6 13. f4 h6 14. Bh4 Qe7 15. O-O g5 16. fxg5 Ne4 17. Nxe4 dxe4 18. c4 hxg5 19. Be1 Rad8 20. Qb1 f5 21. gxf5 Bxf5 22. Qxb7 Rb8 23. Qxc6 Rf6 24. Qd5+ Be6 25. Qxg5+ Kh7 26. Rxf6 1-0

[Event "11th Arad Open 2018"]
[Site "Arad"]
[Date "2018.08.12"]
[Round "9"]
[White "Petrisor, Adrian-Marian"]
[Black "Gilea, Lucian"]
[Result "1-0"]
[ECO "B12"]
[WhiteElo "2416"]
[BlackElo "2279"]
[Annotator "NA RC"]
[PlyCount "37"]
[EventDate "2018.08.05"]
[EventType "swiss"]
[EventCountry "ROU"]
[SourceTitle "playchess.com"]
[Source "ChessBase"]
[SourceQuality "1"]
[TimeControl "40/5400+30:1800+30"]

1. e4 c6 2. d4 d5 3. e5 Bf5 4. Nf3 e6 5. Be2 $11 {[%emt 0:00:07] LiveBook: 5682 Games} c5 6. O-O Nc6 7. Be3 cxd4 8. Nxd4 Nxd4 9. Qxd4 Ne7 10. Qa4+ Nc6 11. Bb5 Qc7 12. c4 dxc4 13. Nd2 c3 14. Rac1 c2 15. g4 Bg6 16. f4 O-O-O 17. f5 Qxe5 18. Nc4 Qd5 19. Bxc6 1-0

[Event "11th Arad Open 2018"]
[Site "Arad"]
[Date "2018.08.12"]
[Round "9"]
[White "Roubalik, Jakub"]
[Black "Ciorgovean, Iustin"]
[Result "1-0"]
[ECO "A61"]
[WhiteElo "2402"]
[BlackElo "2245"]
[Annotator "NA"]
[PlyCount "55"]
[EventDate "2018.08.05"]
[EventType "swiss"]
[EventCountry "ROU"]
[SourceTitle "playchess.com"]
[Source "ChessBase"]
[SourceQuality "1"]
[TimeControl "40/5400+30:1800+30"]

1. d4 Nf6 2. c4 e6 3. Nf3 c5 4. d5 d6 5. Nc3 exd5 6. cxd5 g6 7. h3 Bg7 8. e4 O-O 9. Bd3 b5 10. Nxb5 Nxe4 11. O-O Re8 12. Re1 a6 13. Nc3 Nxc3 14. Rxe8+ Qxe8 15. bxc3 Bxc3 16. Rb1 Nd7 17. Qa4 Qd8 18. Bg5 f6 19. Qc2 Be5 20. Bh6 f5 21. Ng5 Nf8 22. Bc4 Qe7 23. Re1 Rb8 24. Bb3 Rb4 25. Qxc5 Rxb3 26. Qxc8 Rb7 27. Ne6 Kf7 28. Qxb7 1-0

[Event "11th Arad Open 2018"]
[Site "Arad"]
[Date "2018.08.12"]
[Round "9"]
[White "Macovei, Andrei"]
[Black "Ursan, Petru-Sebastian"]
[Result "1-0"]
[ECO "B31"]
[WhiteElo "2394"]
[BlackElo "2147"]
[Annotator "NA"]
[PlyCount "63"]
[EventDate "2018.08.05"]
[EventType "swiss"]
[EventCountry "ROU"]
[SourceTitle "playchess.com"]
[Source "ChessBase"]
[SourceQuality "1"]
[TimeControl "40/5400+30:1800+30"]

1. Nf3 c5 2. e4 Nc6 3. Bb5 g6 4. Bxc6 bxc6 5. O-O Bg7 6. Re1 Nh6 7. c3 O-O 8. h3 f6 9. d4 Qb6 10. b3 cxd4 11. cxd4 Nf7 12. Nc3 d6 13. Bb2 Bd7 14. Qd2 Rad8 15. Rad1 e5 16. Qc2 Qa5 17. Ne2 Be6 18. Bc3 Qb6 19. Ng3 Rfe8 20. Qb2 c5 21. dxe5 fxe5 22. Nd2 Bh6 23. Qc2 Qa6 24. Ngf1 Rf8 25. Ne3 Qc8 26. Qd3 Bxh3 27. Nd5 Kg7 28. Qxh3 Qxh3 29. gxh3 Ng5 30. Kg2 Nxh3 31. Kxh3 Rxf2 32. Rf1 1-0

[Event "11th Arad Open 2018"]
[Site "Arad"]
[Date "2018.08.12"]
[Round "9"]
[White "Soltanici, Ruslan"]
[Black "Vujacic, Borivoje"]
[Result "1-0"]
[ECO "B30"]
[WhiteElo "2383"]
[BlackElo "2235"]
[Annotator "NA"]
[PlyCount "91"]
[EventDate "2018.08.05"]
[EventType "swiss"]
[EventCountry "ROU"]
[SourceTitle "playchess.com"]
[Source "ChessBase"]
[SourceQuality "1"]
[TimeControl "40/5400+30:1800+30"]

1. e4 c5 2. Nf3 Nc6 3. Bb5 d6 4. O-O Bd7 5. Re1 a6 6. Bxc6 Bxc6 7. d4 cxd4 8. Nxd4 Rc8 9. c4 Nf6 10. Nc3 g6 11. Bg5 Bg7 12. Qd2 O-O 13. Rad1 Qb6 14. b3 Rfe8 15. Kh1 Ng4 16. Re2 h6 17. Bh4 Qa5 18. f3 Nf6 19. Bf2 b5 20. cxb5 Bd7 21. Be1 axb5 22. Ncxb5 Qa6 23. Qa5 Qb7 24. a4 Ra8 25. Qc7 Qa6 26. Qc4 Rec8 27. Qd3 Nh5 28. g3 e5 29. Nc2 Bxb5 30. axb5 Qb7 31. Bf2 Ra2 32. Nb4 Rxe2 33. Qxe2 Rc3 34. Nd5 Rxb3 35. b6 Qd7 36. Kg2 Kh7 37. Rd2 f5 38. Rb2 Rxb2 39. Qxb2 fxe4 40. fxe4 Qg4 41. b7 Qxe4+ 42. Kg1 Qxd5 43. b8=Q Qd1+ 44. Kg2 e4 45. Q2b3 Qg4 46. Q3g8# 1-0

[Event "11th Arad Open 2018"]
[Site "Arad"]
[Date "2018.08.12"]
[Round "9"]
[White "Peptan, Corina-Isabela"]
[Black "Kutnik, Alexandru-Francisc"]
[Result "1-0"]
[ECO "A43"]
[WhiteElo "2380"]
[BlackElo "1986"]
[Annotator "NA"]
[PlyCount "89"]
[EventDate "2018.08.05"]
[EventType "swiss"]
[EventCountry "ROU"]
[SourceTitle "playchess.com"]
[Source "ChessBase"]
[SourceQuality "1"]
[TimeControl "40/5400+30:1800+30"]

1. d4 c5 2. d5 e6 3. Nc3 d6 4. e4 a6 5. a4 Nf6 6. Nf3 exd5 7. exd5 Bg4 8. Be2 Bxf3 9. Bxf3 Be7 10. O-O O-O 11. Bf4 Ne8 12. Ne4 Nd7 13. a5 Ne5 14. Bxe5 dxe5 15. d6 Bxd6 16. Qd5 Qe7 17. Rfe1 Rd8 18. Nxd6 Rxd6 19. Rxe5 Rxd5 20. Rxe7 Rd2 21. Rxb7 Rxc2 22. Rd1 Nf6 23. h3 h6 24. Bc6 c4 25. Rb6 Rc8 26. Ba4 Re2 27. Kf1 Re6 28. Rxe6 fxe6 29. Rd6 Rb8 30. Rb6 Rd8 31. Rxa6 Rd5 32. Ra8+ Kf7 33. a6 Ra5 34. Bc6 Nd5 35. Bb7 Ra2 36. Rc8 Nf4 37. Kg1 Ra1+ 38. Kh2 Ra4 39. Rc7+ Kf6 40. Bc8 Nd5 41. Rc6 Ne7 42. Rxe6+ Kf7 43. Bd7 Ra5 44. Rb6 Ra1 45. Be6+ 1-0

[Event "11th Arad Open 2018"]
[Site "Arad"]
[Date "2018.08.12"]
[Round "9"]
[White "Farkas, Gabor"]
[Black "Creanga, Robert-Ionut"]
[Result "1-0"]
[ECO "B33"]
[WhiteElo "2366"]
[BlackElo "2069"]
[Annotator "NA"]
[PlyCount "65"]
[EventDate "2018.08.05"]
[EventType "swiss"]
[EventCountry "ROU"]
[SourceTitle "playchess.com"]
[Source "ChessBase"]
[SourceQuality "1"]
[TimeControl "40/5400+30:1800+30"]

1. e4 c5 2. Nf3 Nc6 3. d4 cxd4 4. Nxd4 Nf6 5. Nc3 e5 6. Ndb5 d6 7. Bg5 a6 8. Na3 b5 9. Bxf6 gxf6 10. Nd5 f5 11. c3 Bg7 12. exf5 Bxf5 13. Nc2 O-O 14. Nce3 Be6 15. Bd3 f5 16. Bc2 Ne7 17. Nxe7+ Qxe7 18. Bxf5 Bxf5 19. Nxf5 Qf6 20. g4 Rad8 21. Qd5+ Kh8 22. h3 Bh6 23. Rd1 Bf4 24. Qe4 Qg6 25. f3 h5 26. Rd5 Rd7 27. Kd1 Rc8 28. Kc2 Rc4 29. Qd3 Rc6 30. Rd1 Kh7 31. gxh5 Qg2+ 32. Kb1 Kh8 33. Nxd6 1-0

[Event "11th Arad Open 2018"]
[Site "Arad"]
[Date "2018.08.12"]
[Round "9"]
[White "Dobre, Claudiu-Cristian"]
[Black "Martian, Dragos-Daniel"]
[Result "0-1"]
[ECO "A01"]
[WhiteElo "2356"]
[BlackElo "2223"]
[Annotator "NA"]
[PlyCount "74"]
[EventDate "2018.08.05"]
[EventType "swiss"]
[EventCountry "ROU"]
[SourceTitle "playchess.com"]
[Source "ChessBase"]
[SourceQuality "1"]
[TimeControl "40/5400+30:1800+30"]

1. b3 Nf6 2. Bb2 e6 3. e3 c5 4. Nf3 d5 5. c4 Bd6 6. cxd5 exd5 7. Bxf6 Qxf6 8. Nc3 Be6 9. Nb5 Qd8 10. Nxd6+ Qxd6 11. d4 b6 12. Rc1 O-O 13. Bd3 h6 14. O-O Bg4 15. h3 Bxf3 16. Qxf3 cxd4 17. exd4 Nc6 18. Bb1 g6 19. Rfd1 Rac8 20. Rc3 Kg7 21. h4 Rfe8 22. Re3 h5 23. g3 b5 24. Kg2 b4 25. Qe2 Re7 26. Qa6 Rxe3 27. fxe3 Re8 28. e4 Qd7 29. e5 Qg4 30. Rf1 Re6 31. Qb7 Ne7 32. Qxa7 g5 33. Rf6 gxh4 34. Rxe6 Qe2+ 35. Kg1 hxg3 36. Rf6 Qh2+ 37. Kf1 g2+ 0-1

[Event "11th Arad Open 2018"]
[Site "Arad"]
[Date "2018.08.12"]
[Round "9"]
[White "Toma, Radu-Cristian"]
[Black "Bucur, Denisa-Andreea"]
[Result "1-0"]
[ECO "A06"]
[WhiteElo "2354"]
[BlackElo "2077"]
[Annotator "NA"]
[PlyCount "89"]
[EventDate "2018.08.05"]
[EventType "swiss"]
[EventCountry "ROU"]
[SourceTitle "playchess.com"]
[Source "ChessBase"]
[SourceQuality "1"]
[TimeControl "40/5400+30:1800+30"]

1. Nf3 d5 2. e3 Nf6 3. c4 dxc4 4. Bxc4 e6 5. O-O a6 6. Re1 b5 7. Bf1 Bb7 8. a4 b4 9. d3 c5 10. Nbd2 Nbd7 11. a5 Qc7 12. Nc4 Be7 13. e4 e5 14. b3 O-O 15. Bb2 Bd6 16. Nh4 Rfe8 17. Nxd6 Qxd6 18. Nf5 Qc7 19. h4 Nf8 20. f4 Ng6 21. g3 exf4 22. Bxf6 gxf6 23. h5 fxg3 24. hxg6 fxg6 25. Qg4 Re5 26. d4 cxd4 27. Rac1 Rc5 28. Bc4+ Kh8 29. Nxd4 Qxa5 30. Qe6 Qd8 31. Nf3 Bc8 32. Qf7 Bg4 33. Kg2 Rc7 34. Qd5 Rd7 35. Qc5 Bxf3+ 36. Kxf3 Qc7 37. Bd5 Qxc5 38. Rxc5 Rad8 39. Bc4 Rd1 40. Rxd1 Rxd1 41. Kxg3 Re1 42. Kf4 g5+ 43. Kf5 g4 44. Kxf6 h5 45. Kg6 1-0

[Event "11th Arad Open 2018"]
[Site "Arad"]
[Date "2018.08.12"]
[Round "9"]
[White "Posedaru, Bogdan"]
[Black "Isfan, Ioan-Marius"]
[Result "1-0"]
[ECO "E32"]
[WhiteElo "2326"]
[BlackElo "1933"]
[Annotator "NA"]
[PlyCount "69"]
[EventDate "2018.08.05"]
[EventType "swiss"]
[EventCountry "ROU"]
[SourceTitle "playchess.com"]
[Source "ChessBase"]
[SourceQuality "1"]
[TimeControl "40/5400+30:1800+30"]

1. d4 Nf6 2. c4 e6 3. Nc3 Bb4 4. Qc2 b6 5. e4 O-O 6. Bd3 h6 7. Nge2 Bb7 8. O-O d6 9. f4 Bxc3 10. bxc3 c5 11. e5 Ne8 12. Be3 Nc6 13. Rad1 Qc7 14. d5 Ne7 15. Be4 Rd8 16. dxe6 fxe6 17. Ng3 Bxe4 18. Qxe4 g6 19. Qd3 d5 20. cxd5 Rxd5 21. Qe2 Rxd1 22. Rxd1 Nd5 23. Bd2 c4 24. Rf1 Ng7 25. Ne4 b5 26. Qg4 Kh7 27. Qh3 Qb6+ 28. Kh1 Nh5 29. Qh4 a5 30. g4 Rxf4 31. Bxf4 Nhxf4 32. Rxf4 Qc6 33. Rf7+ Kg8 34. Rf3 g5 35. Qxh6 1-0

[Event "11th Arad Open 2018"]
[Site "Arad"]
[Date "2018.08.12"]
[Round "9"]
[White "Vasiesiu, Victor"]
[Black "Aczel, Gergely"]
[Result "0-1"]
[ECO "B80"]
[WhiteElo "2297"]
[BlackElo "2551"]
[Annotator "ChessBase"]
[PlyCount "180"]
[EventDate "2018.08.05"]
[EventType "swiss"]
[EventCountry "ROU"]
[SourceTitle "playchess.com"]
[Source "ChessBase"]
[SourceQuality "1"]
[TimeControl "40/5400+30:1800+30"]

1. e4 c5 2. Nf3 d6 3. d4 cxd4 4. Nxd4 Nf6 5. Nc3 e6 6. Be3 a6 7. f3 b5 8. Qd2 Bb7 9. g4 Nfd7 10. a3 Nb6 11. O-O-O N8d7 12. Nb3 Rc8 13. Na5 Ba8 14. Bf4 d5 15. Kb1 Be7 16. exd5 Nxd5 17. Nxd5 Bxd5 18. Be2 O-O 19. Rhe1 Nb6 20. Be5 Na4 21. Nb3 Bh4 22. Rf1 Bf6 23. Qd4 Bxe5 24. Qxe5 Nb6 25. Nd2 Rc5 26. Qe3 Qc7 27. Bd3 Rc8 28. Rc1 Nc4 29. Bxc4 Bxc4 30. Nxc4 Rxc4 31. Rf2 b4 32. Rd2 a5 33. Qd3 bxa3 34. Qxa3 h6 35. Qd6 Qb7 36. f4 Qe4 37. Rf2 Qe3 38. Rcf1 Qe4 39. Rc1 Rb4 40. Qd3 Rxb2+ 41. Kxb2 Qb4+ 42. Ka2 Rc3 43. Qxc3 Qxc3 44. Rd1 Qc4+ 45. Kb1 Kh7 46. Rd3 Qe4 47. Rff3 h5 48. h3 Kg6 49. Kb2 Kf6 50. gxh5 Qb4+ 51. Rb3 Qd4+ 52. Kc1 Qd5 53. h6 gxh6 54. Rbd3 Qc5 55. Kd2 Kf5 56. Rde3 Qb4+ 57. Kc1 a4 58. Kd1 Qd4+ 59. Kc1 Qa1+ 60. Kd2 Qb1 61. Re5+ Kf6 62. Ree3 Qb2 63. Kd1 Ke7 64. Rd3 f6 65. Rde3 Kf7 66. Kd2 Qa1 67. Rc3 Kg6 68. Rce3 Qd4+ 69. Rd3 Qb4+ 70. Kd1 Qc5 71. Kd2 e5 72. fxe5 fxe5 73. Rg3+ Kf5 74. Rdf3+ Ke4 75. Re3+ Kd5 76. Rd3+ Ke6 77. Rde3 Qb4+ 78. Kd1 Qd4+ 79. Kc1 e4 80. Ra3 Kf5 81. Rge3 h5 82. Rec3 Kf4 83. Kb1 h4 84. Kc1 Ke5 85. Re3 Qc5 86. Rec3 Qg1+ 87. Kd2 Qg5+ 88. Kd1 Kd4 89. Ke1 Qa5 90. Kd2 e3+ 0-1

[Event "11th Arad Open 2018"]
[Site "Arad"]
[Date "2018.08.12"]
[Round "9"]
[White "Vrencian, Lehel"]
[Black "Bogdan, Dan"]
[Result "0-1"]
[ECO "B31"]
[WhiteElo "2293"]
[BlackElo "2382"]
[Annotator "NA"]
[PlyCount "82"]
[EventDate "2018.08.05"]
[EventType "swiss"]
[EventCountry "ROU"]
[SourceTitle "playchess.com"]
[Source "ChessBase"]
[SourceQuality "1"]
[TimeControl "40/5400+30:1800+30"]

1. e4 c5 2. Nf3 Nc6 3. Bb5 g6 4. O-O Bg7 5. Re1 e5 6. c3 Nge7 7. d4 cxd4 8. cxd4 exd4 9. e5 a6 10. Ba4 O-O 11. Bg5 b5 12. Bb3 h6 13. Bxe7 Qxe7 14. Nxd4 Nxd4 15. Qxd4 d6 16. f4 dxe5 17. fxe5 Be6 18. Nc3 Rad8 19. Qe3 Rfe8 20. Re2 b4 21. Ne4 Bxb3 22. Qxb3 Bxe5 23. Rae1 Bd4+ 24. Kh1 Kg7 25. Nd6 Qxd6 26. Rxe8 Rxe8 27. Rxe8 Qf6 28. Qf3 Qg5 29. Re1 Bxb2 30. Rf1 Bf6 31. Qc6 a5 32. h3 h5 33. Qc4 Qg3 34. Qa6 Be5 35. Kg1 Qh2+ 36. Kf2 Bd4+ 37. Kf3 h4 38. Qb7 Qg3+ 39. Ke4 Qe5+ 40. Kf3 Qe3+ 41. Kg4 Qg3# 0-1

[Event "11th Arad Open 2018"]
[Site "Arad"]
[Date "2018.08.12"]
[Round "9"]
[White "Dinu, Dumitru-Daniel"]
[Black "Kristofori, Attila"]
[Result "1-0"]
[ECO "B21"]
[WhiteElo "2225"]
[BlackElo "2041"]
[Annotator "NA"]
[PlyCount "45"]
[EventDate "2018.08.05"]
[EventType "swiss"]
[EventCountry "ROU"]
[SourceTitle "playchess.com"]
[Source "ChessBase"]
[SourceQuality "1"]
[TimeControl "40/5400+30:1800+30"]

1. e4 c5 2. d4 cxd4 3. c3 Nc6 4. cxd4 d5 5. Nc3 e6 6. e5 Qb6 7. Nf3 Bd7 8. Be2 Nge7 9. Na4 Qc7 10. O-O Nf5 11. g4 Nh6 12. h3 Ng8 13. Be3 f6 14. Rc1 Qa5 15. a3 Nxe5 16. dxe5 Bxa4 17. Qd4 Bd7 18. b4 Qd8 19. Rc2 fxe5 20. Qxe5 Ne7 21. Bd3 Nc6 22. Qh5+ g6 23. Bxg6+ {Ne7 Be4+} 1-0

[Event "11th Arad Open 2018"]
[Site "Arad"]
[Date "2018.08.12"]
[Round "9"]
[White "Zubcu, Vlad-George"]
[Black "Trifan, Andrei Ioan"]
[Result "1/2-1/2"]
[ECO "D01"]
[WhiteElo "2202"]
[BlackElo "2308"]
[Annotator "NA"]
[PlyCount "47"]
[EventDate "2018.08.05"]
[EventType "swiss"]
[EventCountry "ROU"]
[SourceTitle "playchess.com"]
[Source "ChessBase"]
[SourceQuality "1"]
[TimeControl "40/5400+30:1800+30"]

1. d4 Nf6 2. Nc3 d5 3. Bg5 a6 4. Bxf6 gxf6 5. e4 dxe4 6. Nxe4 Qd5 7. Nc3 Qd6 8. Nf3 f5 9. Bd3 Bg7 10. Ne2 Nc6 11. c3 e6 12. Qc2 Bd7 13. O-O-O O-O-O 14. Kb1 Ne7 15. Nd2 Ng6 16. Nc4 Qd5 17. Ne3 Qd6 18. d5 Qc5 19. b4 Qe7 20. f4 Bh6 21. g3 Ne5 22. Nxf5 exf5 23. fxe5 Qxe5 24. Rhf1 1/2-1/2

[Event "11th Arad Open 2018"]
[Site "Arad"]
[Date "2018.08.12"]
[Round "9"]
[White "Kelly, Ladislau-Endre"]
[Black "Secheres, Adrian-Simion"]
[Result "0-1"]
[ECO "B23"]
[WhiteElo "2173"]
[BlackElo "2407"]
[Annotator "NA"]
[PlyCount "68"]
[EventDate "2018.08.05"]
[EventType "swiss"]
[EventCountry "ROU"]
[SourceTitle "playchess.com"]
[Source "ChessBase"]
[SourceQuality "1"]
[TimeControl "40/5400+30:1800+30"]

1. e4 c5 2. Nc3 e6 3. f4 d5 4. Nf3 dxe4 5. Nxe4 Nc6 6. g3 Be7 7. Bg2 Nh6 8. O-O Qc7 9. b3 Bd7 10. Bb2 f6 11. Qe2 O-O 12. Nf2 Rae8 13. Nd3 Bd6 14. Rae1 b6 15. Qd1 Nf7 16. Re3 b5 17. Rfe1 c4 18. Nf2 Bc5 19. d4 cxd3 20. Rxd3 Qb6 21. Re2 Bc8 22. a3 e5 23. Rc3 e4 24. Rxc5 exf3 25. Rxe8 Rxe8 26. Rxc6 Qxc6 27. Bxf3 Qc7 28. Bd5 Bb7 29. c4 Bxd5 30. cxd5 Qd7 31. Qd4 Rd8 32. Ne4 Qxd5 33. Nxf6+ gxf6 34. Qxf6 Qd1+ 0-1

[Event "11th Arad Open 2018"]
[Site "Arad"]
[Date "2018.08.12"]
[Round "9"]
[White "Rusan, Paul-Cristian"]
[Black "Abramovic, Bosko"]
[Result "1/2-1/2"]
[ECO "B75"]
[WhiteElo "2161"]
[BlackElo "2400"]
[Annotator "NA"]
[PlyCount "61"]
[EventDate "2018.08.05"]
[EventType "swiss"]
[EventCountry "ROU"]
[SourceTitle "playchess.com"]
[Source "ChessBase"]
[SourceQuality "1"]
[TimeControl "40/5400+30:1800+30"]

1. e4 c5 2. Nf3 d6 3. d4 cxd4 4. Nxd4 Nf6 5. Nc3 g6 $14 {[%emt 0:00:32] LiveBook: 13967 Partien} 6. Be3 Bg7 7. f3 a6 8. Qd2 h5 9. O-O-O Nbd7 10. Bc4 b5 11. Bd5 Nxd5 12. exd5 Bb7 13. a3 Rc8 14. Rhe1 Nf6 15. Bg5 O-O 16. Kb1 Qd7 17. h3 Rfe8 18. g4 hxg4 19. hxg4 Nxd5 20. Nxd5 Bxd5 21. Rh1 e6 22. Qh2 Qc7 23. Qh4 f6 24. Bxf6 Bxf6 25. Qxf6 Qg7 26. Qg5 Kf7 27. Qf4+ Ke7 28. Qg5+ Kf7 29. Qf4+ Ke7 30. Qg5+ Kf7 31. Qf4+ 1/2-1/2

[Event "11th Arad Open 2018"]
[Site "Arad"]
[Date "2018.08.12"]
[Round "9"]
[White "Nicora, Cristi"]
[Black "Tiba, Vladyslav"]
[Result "0-1"]
[ECO "B42"]
[WhiteElo "2158"]
[BlackElo "2356"]
[Annotator "NA"]
[PlyCount "80"]
[EventDate "2018.08.05"]
[EventType "swiss"]
[EventCountry "ROU"]
[SourceTitle "playchess.com"]
[Source "ChessBase"]
[SourceQuality "1"]
[TimeControl "40/5400+30:1800+30"]

1. e4 c5 2. Nf3 e6 3. d4 cxd4 4. Nxd4 a6 5. Bd3 Nf6 $14 {[%emt 0:00:30] LiveBook: 4298 Games} 6. O-O Qc7 7. Nc3 d6 8. a4 Be7 9. Be3 Nbd7 10. f4 b6 11. Qf3 Bb7 12. g4 h6 13. g5 hxg5 14. fxg5 Ne5 15. Qg2 Nfg4 16. Bf4 Qc5 17. Nce2 Bxg5 18. b4 Bxf4 19. Rxf4 Qxb4 20. Rxg4 Nxg4 21. Qxg4 O-O-O 22. Qg3 Qc5 23. Qf2 e5 24. Nf3 Qxf2+ 25. Kxf2 f5 26. Bc4 fxe4 27. Be6+ Kb8 28. Ng5 Rxh2+ 29. Ke3 d5 30. c3 Rg2 31. Nf7 Re8 32. Bh3 d4+ 33. cxd4 exd4+ 34. Kd2 e3+ 35. Kd3 Be4+ 36. Kc4 Rxe2 37. Nd6 Rc2+ 38. Kb3 Rc3+ 39. Kb4 a5+ 40. Kb5 Ka7 0-1

[Event "11th Arad Open 2018"]
[Site "Arad"]
[Date "2018.08.12"]
[Round "9"]
[White "Ciorica, Mihai-Vlad"]
[Black "Florescu, Codrut-Constantin"]
[Result "1-0"]
[ECO "A53"]
[WhiteElo "2110"]
[BlackElo "2295"]
[Annotator "NA"]
[PlyCount "45"]
[EventDate "2018.08.05"]
[EventType "swiss"]
[EventCountry "ROU"]
[SourceTitle "playchess.com"]
[Source "ChessBase"]
[SourceQuality "1"]
[TimeControl "40/5400+30:1800+30"]

1. d4 Nf6 2. c4 d6 3. Nc3 Nbd7 4. e4 e5 5. d5 Be7 6. f3 O-O 7. Be3 c6 8. Qd2 cxd5 9. cxd5 Re8 10. Bd3 Bf8 11. Nge2 a6 12. a4 g6 13. a5 Bg7 14. Na4 Rf8 15. Rc1 Nh5 16. O-O f5 17. Nb6 Nxb6 18. Bxb6 Qf6 19. Rc7 f4 20. Rfc1 g5 21. h3 h6 22. R1c2 Kh8 23. Qc1 1-0

[Event "11th Arad Open 2018"]
[Site "Arad"]
[Date "2018.08.12"]
[Round "9"]
[White "David, Bogdan-Emanuel"]
[Black "Cerbulenco, Liviu"]
[Result "1-0"]
[ECO "B06"]
[WhiteElo "2104"]
[BlackElo "2287"]
[Annotator "NA"]
[PlyCount "71"]
[EventDate "2018.08.05"]
[EventType "swiss"]
[EventCountry "ROU"]
[SourceTitle "playchess.com"]
[Source "ChessBase"]
[SourceQuality "1"]
[TimeControl "40/5400+30:1800+30"]

1. e4 g6 2. d4 Bg7 3. Nc3 d6 4. Be3 a6 5. a4 b6 6. Bd3 Bb7 7. Nce2 Nd7 8. Ng3 Ngf6 9. Nf3 O-O 10. O-O e5 11. dxe5 dxe5 12. h3 Qe7 13. Qe2 Nc5 14. Bd2 a5 15. Bc3 Nxd3 16. cxd3 Nd7 17. Rfd1 Rad8 18. d4 exd4 19. Nxd4 Nc5 20. Ndf5 gxf5 21. Bxg7 Rxd1+ 22. Rxd1 Re8 23. e5 Qg5 24. Bf6 Qg6 25. h4 h6 26. Qd2 Kh7 27. Qf4 Rg8 28. Qc4 Ne6 29. Rd7 Re8 30. h5 Qg4 31. Rxf7+ Kg8 32. Rg7+ Qxg7 33. Bxg7 Kxg7 34. Nxf5+ Kf8 35. Qh4 Ng5 36. Nxh6 1-0